 Dungeon Crawl Stone Soup version 0.28-a0-980-g3664467d6e (webtiles) character file.

Game seed: 7196155456110827294

35 BinkBink the Slasher (level 3, -3/33 HPs)
             Began as a Minotaur Monk on Dec 2, 2021.
             Slain by an iguana (13 damage)
             ... on level 2 of the Dungeon.
             The game lasted 00:01:13 (879 turns).

BinkBink the Slasher (Minotaur Monk)                 Turns: 879, Time: 00:01:14

Health: -3/33      AC:  2    Str: 15    XL:     3   Next: 17%
Magic:  2/2        EV: 13    Int:  7    God:
Gold:   55         SH:  0    Dex: 14    Spells: 2/2 levels left

rFire   + . .      SeeInvis .   a - +0 falchion
rCold   . . .      Faith    .   (no shield)
rNeg    . . .      Spirit   .   b - +0 robe
rPois   .          Reflect  .   (helmet restricted)
rElec   .          Harm     .   (no cloak)
rCorr   .          Rampage  .   (no gloves)
Will    .....                   (no boots)
Stlth   ++........              (no amulet)
HPRegen 0.11/turn               d - ring of protection from fire
MPRegen 0.08/turn               (no ring)

@: no status effects
A: horns 2, retaliatory headbutt
a: no special abilities


You were on level 2 of the Dungeon.
You visited 1 branch of the dungeon, and saw 2 of its levels.

You collected 55 gold pieces.

Inventory:

Hand Weapons
 a - a +0 falchion (weapon)
Armour
 b - a +0 robe (worn)
Jewellery
 d - a ring of protection from fire (left hand)
 l - a ring of protection from fire
Scrolls
 f - a scroll of summoning {unknown}
 i - a scroll of identify {unknown}
 k - a scroll of magic mapping {unknown}
Potions
 c - a potion of invisibility {unknown}
 e - a potion of mutation {unknown}
 g - 2 potions of haste {unknown}
 h - a potion of magic {unknown}
 j - a potion of heal wounds {unknown}


   Skills:
 + Level 4.1 Fighting
 + Level 4.3 Long Blades
 * Level 0.3 Armour
 + Level 3.7 Dodging
 - Level 1.5 Stealth


You had 2 spell levels left.
You didn't know any spells.
Your spell library was empty.

Dungeon Overview and Level Annotations

Branches:
Dungeon (2/15)

Altars:


Innate Abilities, Weirdness & Mutations

You have a pair of horns on your head.
You reflexively headbutt those who attack you in melee.


Message History

You feel agile. x2
You feel sick.
You feel sick.
You are no longer poisoned.
You see here 19 stones.
An endoplasm comes into view.
The endoplasm moves out of view.
There is a stone staircase leading up here.
You climb upwards.
There is a stone staircase leading down here.
HP restored.
Done exploring.
You climb downwards.
The iguana closely misses you.
There is a stone staircase leading up here.
You closely miss the iguana. Your headbutt misses the iguana.
The iguana barely misses you.
You barely miss the iguana. You headbutt the iguana!
The iguana is heavily wounded.
The iguana bites you!
You barely miss the iguana.
You headbutt the iguana, but do no damage.
The iguana is heavily wounded.
The iguana bites you but does no damage.
You slash the iguana!
The iguana is almost dead.
The iguana bites you!
You are too injured to fight recklessly!
You are too injured to fight recklessly!
You are too injured to fight recklessly!
You are too injured to fight recklessly!
You hit the iguana but do no damage.
The iguana is almost dead.
The iguana bites you.
* * * LOW HITPOINT WARNING * * *
The iguana misses you. You furiously retaliate!
You headbutt the iguana, but do no damage.
You hit the iguana.
The iguana is almost dead.
The iguana bites you!
You die...

##### #...#
#############@..#
####(.........##Jl.#
.....########......#
..#### ####...# ..#
#...# ..# #...#
)....... #...#
.####### .#### ## .


You could see an iguana and an endoplasm.

Vanquished Creatures
  An adder (D:2)
  3 endoplasms (D:1)
  2 giant cockroaches (D:1)
  3 goblins
  4 hobgoblins
  A quokka (D:1)
  4 ball pythons (D:1)
  3 bats (D:1)
  2 frilled lizards (D:1)
  A kobold (D:1)
  A rat (D:1)
25 creatures vanquished.

Notes
Turn   | Place    | Note
-------+----------+-------------------------------------------
     0 | D:1      | BinkBink the Minotaur Monk began the quest for the Orb.
     0 | D:1      | Reached XP level 1. HP: 19/19 MP: 0/0
   165 | D:1      | Reached XP level 2. HP: 25/27 MP: 1/1
   648 | D:2      | Reached XP level 3. HP: 10/33 MP: 2/2
   879 | D:2      | Slain by an iguana

Illustrated notes

Levels and vault maps discovered:
D:1:      saegor_arrival_simple_e, layout_rooms, minmay_fountain_box
D:2:      layout_rooms, basic_altar, basic_ecumenical_altar

Skill      XL: |  1  2 |
---------------+-------+-----
Long Blades    | 4 |  4.3
Fighting       | 4 |  4.1
Armour         | |  0.3
Dodging        | |  3.7
Stealth        | |  1.5

Action                   || total
-------------------------++-------
Melee: Falchion          ||    55
       Headbutt          ||    10
 Stab: Sleeping          ||     2
Armor: Robe              ||    13
Dodge: Dodged            ||    42

Table legend: (Time is in decaauts)
 A = Elapsed time spent in this place.
 B = Non-inter-level travel time spent in this place.
 C = Inter-level travel time spent in this place.
 D = Time resting spent in this place.
 E = Time spent auto-exploring this place.
 F = Levels seen in this place.
 G = Mean time per level.
                   A        B        C        D        E       F      G
               +--------+--------+--------+--------+--------+-----+--------+
         Total |    884 |    880 |      4 |      0 |    732 |   2 |  442.0 |
       Dungeon |    884 |    880 |      4 |      0 |    732 |   2 |  442.0 |
               +--------+--------+--------+--------+--------+-----+--------+

Top non-repeatable levels by time:
     D:1: 828 daAuts
     D:2: 56 daAuts
